TOP OF THE 1ST |
New York Mets batting - Pitching for Washington Nationals : RHP Danny Diaz
|
Pitching: RHP Danny Diaz
|
|
Batting: LHB Chris Ringwood
|
0-0: Called Strike 0-1: DOUBLE (Flyball, 8RXD, EV 104.4 MPH)
|
Batting: RHB Josh Jones
|
0-0: Ball 1-0: Ground out 5-3 (Groundball, 56, EV 81.9 MPH)
|
Batting: LHB Kyle Beaulieu
|
0-0: Ball 1-0: Ball 2-0: Foul Ball, location: 2F 2-1: Foul Ball, location: 2F 2-2: Ball 3-2: Foul Ball, location: 2F 3-2: Strikes out swinging
|
Batting: SHB Roberto Magne
|
0-0: Called Strike 0-1: Ball 1-1: Called Strike 1-2: Strikes out looking
|
Top of the 1st over - 0 runs, 1 hit, 0 errors, 1 left on base; New York 0 - Washington 0 |
BOTTOM OF THE 1ST |
Washington Nationals batting - Pitching for New York Mets : RHP Billy McIntyre
|
Pitching: RHP Billy McIntyre
|
|
Batting: RHB Tommy Baird
|
0-0: Ball 1-0: Called Strike 1-1: Foul Ball, location: 2F 1-2: Ball 2-2: Ball 3-2: Foul Ball, location: 2F 3-2: SOLO HOME RUN (Flyball, 7D, EV 106.2 MPH), Distance : 417 ft
|
Batting: RHB Dave Vargas
|
0-0: Swinging Strike 0-1: Called Strike 0-2: Strikes out looking
|
Batting: LHB Seth Cook
|
0-0: Ball 1-0: Ball 2-0: Ball 3-0: Called Strike 3-1: Base on Balls
|
Batting: LHB Kyung-jin Cho
|
0-0: Ball 1-0: DOUBLE (Line Drive, 89XD, EV 104.4 MPH) Seth Cook to third Runner from 3rd tries for Home, SAFE, no throw by CF
|
Batting: RHB Dan Fallon
|
0-0: Ball 1-0: Swinging Strike 1-1: Called Strike 1-2: Ground out 6-3 (Groundball, 6S, EV 72.5 MPH) Kyung-jin Cho to third
|
Batting: SHB Dylan Novakowski
|
0-0: Foul Ball, location: 2F 0-1: SINGLE (Line Drive, 9S, EV 111.2 MPH) Kyung-jin Cho scores
|
Batting: LHB Griffin Ferris
|
0-0: Ball 1-0: Foul Ball, location: 2F 1-1: Called Strike 1-2: Ball 2-2: Ball 3-2: Fly out, F9 (Flyball, 89M, EV 89.4 MPH)
|
Bottom of the 1st over - 3 runs, 3 hits, 0 errors, 1 left on base; New York 0 - Washington 3 |
TOP OF THE 2ND |
New York Mets batting - Pitching for Washington Nationals : RHP Danny Diaz
|
Batting: SHB Luke Robbins
|
0-0: Ball 1-0: Ball 2-0: Ground out 4-3 (Groundball, 4M, EV 90.0 MPH)
|
Batting: RHB Billy Walker
|
0-0: Ball 1-0: Ball 2-0: Swinging Strike 2-1: Called Strike 2-2: Foul Ball, location: 2F 2-2: Ball 3-2: Strikes out looking
|
Batting: LHB Fabiano Perrolas
|
0-0: Ball 1-0: Ball 2-0: Swinging Strike 2-1: Fly out, F6 (Popup, 6MS, EV 66.2 MPH)
|
Top of the 2nd over - 0 runs, 0 hits, 0 errors, 0 left on base; New York 0 - Washington 3 |
BOTTOM OF THE 2ND |
Washington Nationals batting - Pitching for New York Mets : RHP Billy McIntyre
|
Batting: RHB Eric Wiss
|
0-0: Called Strike 0-1: Swinging Strike 0-2: Strikes out swinging
|
Batting: RHB Darren McCarty Jr.
|
0-0: Ground out U3 (Groundball, 34, EV 92.5 MPH)
|
Batting: RHB Tommy Baird
|
0-0: Foul Ball, location: 2F 0-1: Called Strike 0-2: Ball 1-2: Foul Ball, location: 2F 1-2: SOLO HOME RUN (Line Drive, 78XD, EV 104.4 MPH), Distance : 408 ft
|
Batting: RHB Dave Vargas
|
0-0: Ball 1-0: Ball 2-0: Called Strike 2-1: Ball 3-1: Swinging Strike 3-2: Base on Balls
|
Batting: LHB Seth Cook
|
0-0: Called Strike 0-1: Foul Ball, location: 2F 0-2: Foul Ball, location: 2F 0-2: Ball 1-2: Foul Ball, location: 2F 1-2: Ball 2-2: Foul Ball, location: 2F 2-2: Ground out 6-3 (Groundball, 6S, EV 86.2 MPH)
|
Bottom of the 2nd over - 1 run, 1 hit, 0 errors, 1 left on base; New York 0 - Washington 4 |
TOP OF THE 3RD |
New York Mets batting - Pitching for Washington Nationals : RHP Danny Diaz
|
Batting: RHB Finn Ross
|
0-0: Ball 1-0: Swinging Strike 1-1: Ball 2-1: Ball 3-1: Swinging Strike 3-2: Strikes out swinging
|
Batting: RHB Devine Adams
|
0-0: Ball 1-0: Swinging Strike 1-1: Ball 2-1: Foul Ball, location: 2F 2-2: Ground out 6-3 (Groundball, 6S, EV 67.5 MPH)
|
Batting: LHB Chris Ringwood
|
0-0: Ground out 4-3 (Groundball, 4, EV 85.6 MPH)
|
Top of the 3rd over - 0 runs, 0 hits, 0 errors, 0 left on base; New York 0 - Washington 4 |
BOTTOM OF THE 3RD |
Washington Nationals batting - Pitching for New York Mets : RHP Billy McIntyre
|
Batting: LHB Kyung-jin Cho
|
0-0: Ball 1-0: Called Strike 1-1: Ball 2-1: Foul Ball, location: 2F 2-2: Ground out U3 (Groundball, 3, EV 104.4 MPH)
|
Batting: RHB Dan Fallon
|
0-0: Ball 1-0: Ball 2-0: SINGLE (Flyball, 4MD, EV 86.2 MPH)
|
Batting: SHB Dylan Novakowski
|
0-0: Ball 1-0: Swinging Strike 1-1: Foul Ball, location: 2F 1-2: Ball 2-2: Strikes out swinging
|
Batting: LHB Griffin Ferris
|
0-0: Foul Ball, location: 2F 0-1: Fly out, F8 (Flyball, 89M, EV 86.2 MPH)
|
Bottom of the 3rd over - 0 runs, 1 hit, 0 errors, 1 left on base; New York 0 - Washington 4 |
TOP OF THE 4TH |
New York Mets batting - Pitching for Washington Nationals : RHP Danny Diaz
|
Batting: RHB Josh Jones
|
0-0: Called Strike 0-1: SINGLE (Groundball, 56S, EV 73.1 MPH) (infield hit)
|
Batting: LHB Kyle Beaulieu
|
0-0: Called Strike 0-1: Ball 1-1: Foul Ball, location: 2F 1-2: Strikes out swinging
|
Batting: SHB Roberto Magne
|
0-0: Ball 1-0: SINGLE (Line Drive, 7S, EV 93.8 MPH) Josh Jones to second
|
Batting: SHB Luke Robbins
|
0-0: Foul Ball, location: 2F 0-1: Foul Ball, location: 2F 0-2: Foul Ball, location: 2F 0-2: Ball 1-2: Strikes out swinging
|
Batting: RHB Billy Walker
|
0-0: Ball 1-0: Called Strike 1-1: Ball 2-1: Ball 3-1: Called Strike 3-2: Ground out 5-3 (Groundball, 5L, EV 91.2 MPH)
|
Top of the 4th over - 0 runs, 2 hits, 0 errors, 2 left on base; New York 0 - Washington 4 |
BOTTOM OF THE 4TH |
Washington Nationals batting - Pitching for New York Mets : RHP Billy McIntyre
|
Batting: RHB Eric Wiss
|
0-0: Ball 1-0: Fly out, F9 (Flyball, 89M, EV 76.9 MPH)
|
Batting: RHB Darren McCarty Jr.
|
0-0: Called Strike 0-1: Ball 1-1: SINGLE (Line Drive, 8LS, EV 106.2 MPH)
|
Batting: RHB Tommy Baird
|
0-0: Called Strike 0-1: Ball 1-1: Ball Darren McCarty Jr. is caught stealing 2nd base 2-4 2-1: SINGLE (Line Drive, 7S, EV 100.6 MPH)
|
Batting: RHB Dave Vargas
|
0-0: Called Strike Tommy Baird steals 2nd base (no throw) 0-1: Ball 1-1: Foul Ball, location: 2F 1-2: Foul Ball, location: 2F 1-2: Ball 2-2: Strikes out looking
|
Bottom of the 4th over - 0 runs, 2 hits, 0 errors, 1 left on base; New York 0 - Washington 4 |
TOP OF THE 5TH |
New York Mets batting - Pitching for Washington Nationals : RHP Danny Diaz
|
Batting: LHB Fabiano Perrolas
|
0-0: Called Strike 0-1: Called Strike 0-2: Ball 1-2: Fly out, F8 (Flyball, 89M, EV 77.5 MPH)
|
Batting: RHB Finn Ross
|
0-0: Ball 1-0: Ball 2-0: DOUBLE (Line Drive, 89XD, EV 108.1 MPH)
|
Batting: RHB Devine Adams
|
0-0: Ball 1-0: Ball 2-0: Ground out 5-3 (Groundball, 56S, EV 68.8 MPH) Finn Ross to third
|
Batting: LHB Chris Ringwood
|
0-0: Ball 1-0: Ball 2-0: TRIPLE (Line Drive, 78XD, EV 105.6 MPH) Finn Ross scores
|
Batting: RHB Josh Jones
|
0-0: Called Strike 0-1: Foul Ball, location: 2F 0-2: Strikes out swinging
|
Top of the 5th over - 1 run, 2 hits, 0 errors, 1 left on base; New York 1 - Washington 4 |
BOTTOM OF THE 5TH |
Washington Nationals batting - Pitching for New York Mets : RHP Billy McIntyre
|
Batting: LHB Seth Cook
|
0-0: Ball 1-0: Called Strike 1-1: SINGLE (Line Drive, 78M, EV 101.9 MPH)
|
Batting: LHB Kyung-jin Cho
|
0-0: Called Strike 0-1: Fly out, F5 (Popup, 5SF, EV 84.4 MPH)
|
Batting: RHB Dan Fallon
|
0-0: Called Strike 0-1: Ball 1-1: Foul Ball, location: 2F 1-2: Fly out, F7 (Flyball, 7LS, EV 83.8 MPH)
|
Batting: SHB Dylan Novakowski
|
0-0: Foul Ball, location: 2F 0-1: Swinging Strike 0-2: Fly out, F9 (Line Drive, 9D, EV 93.8 MPH)
|
Bottom of the 5th over - 0 runs, 1 hit, 0 errors, 1 left on base; New York 1 - Washington 4 |
TOP OF THE 6TH |
New York Mets batting - Pitching for Washington Nationals : RHP Danny Diaz
|
Batting: LHB Kyle Beaulieu
|
0-0: Ball 1-0: Called Strike 1-1: Ball 2-1: Ball 3-1: Base on Balls
|
Batting: SHB Roberto Magne
|
0-0: Reached on error, E2 (Groundball, 13S, EV 73.1 MPH) Kyle Beaulieu to third
|
Batting: SHB Luke Robbins
|
0-0: Ball 1-0: Ball 2-0: Called Strike 2-1: Ball 3-1: Ground out 4-3 (Groundball, 34D, EV 77.5 MPH) Kyle Beaulieu scores Roberto Magne to third
|
Batting: RHB Billy Walker
|
0-0: Called Strike 0-1: Ground out 6-3 (Groundball, 6, EV 107.5 MPH) Roberto Magne scores
|
Batting: LHB Fabiano Perrolas
|
0-0: Called Strike 0-1: Ball 1-1: Called Strike 1-2: Ground out 6-3 (Groundball, 56, EV 110.6 MPH)
|
Top of the 6th over - 2 runs, 0 hits, 1 error, 0 left on base; New York 3 - Washington 4 |
BOTTOM OF THE 6TH |
Washington Nationals batting - Pitching for New York Mets : RHP Billy McIntyre
|
Batting: LHB Griffin Ferris
|
0-0: Ball 1-0: SINGLE (Flyball, 4D, EV 85.6 MPH)
|
Batting: RHB Eric Wiss
|
0-0: Called Strike 0-1: Ball 1-1: Ball 2-1: Grounds into double play, 6-4-3 (Groundball, 6S, EV 83.8 MPH)
|
Batting: RHB Darren McCarty Jr.
|
0-0: Ball 1-0: Ball 2-0: Called Strike 2-1: Foul Ball, location: 2F 2-2: Ground out 4-3 (Groundball, 34, EV 103.1 MPH)
|
Bottom of the 6th over - 0 runs, 1 hit, 0 errors, 0 left on base; New York 3 - Washington 4 |
TOP OF THE 7TH |
New York Mets batting - Pitching for Washington Nationals : RHP Danny Diaz
|
Batting: RHB Finn Ross
|
0-0: Ball 1-0: Called Strike 1-1: Foul Ball, location: 2F 1-2: SINGLE (Groundball, 6MD, EV 107.5 MPH)
|
Batting: RHB Devine Adams
|
0-0: Called Strike 0-1: Ball 1-1: Grounds into double play, 6-4-3 (Groundball, 6S, EV 84.4 MPH)
|
Batting: LHB Chris Ringwood
|
0-0: Ball 1-0: Called Strike 1-1: Called Strike 1-2: Foul Ball, location: 2F 1-2: Ball 2-2: SINGLE (Groundball, 4MD, EV 106.2 MPH)
|
Pitching: RHP Seth Bowersox
|
|
Batting: RHB Josh Jones
|
0-0: Fly out, F7 (Flyball, 7LM, EV 92.5 MPH)
|
Top of the 7th over - 0 runs, 2 hits, 0 errors, 1 left on base; New York 3 - Washington 4 |
BOTTOM OF THE 7TH |
Washington Nationals batting - Pitching for New York Mets : RHP Billy McIntyre
|
Pitching: RHP Justin Overlie
|
|
Batting: RHB Tommy Baird
|
0-0: Ground out 3-1 (Groundball, 34S, EV 88.8 MPH)
|
Batting: RHB Dave Vargas
|
0-0: Ground out 6-3 (Groundball, 6D, EV 100.0 MPH)
|
Batting: LHB Seth Cook
|
0-0: Fly out, F8 (Flyball, 8LXD, EV 90.0 MPH)
|
Bottom of the 7th over - 0 runs, 0 hits, 0 errors, 0 left on base; New York 3 - Washington 4 |
TOP OF THE 8TH |
New York Mets batting - Pitching for Washington Nationals : RHP Seth Bowersox
|
Now at 2B: Darren McCarty Jr.
|
|
Now at 3B: Kirk Arp
|
|
Batting: LHB Kyle Beaulieu
|
0-0: Ball 1-0: Ball 2-0: Called Strike 2-1: Ball 3-1: Foul Ball, location: 2F 3-2: Foul Ball, location: 2F 3-2: Foul Ball, location: 2F 3-2: Ground out 6-3 (Groundball, 6D, EV 85.0 MPH)
|
Batting: SHB Roberto Magne
|
0-0: Called Strike 0-1: Ball 1-1: Ball 2-1: Swinging Strike 2-2: Foul Ball, location: 2F 2-2: Ball 3-2: Ground out 5-3 (Groundball, 56, EV 102.5 MPH)
|
Batting: SHB Luke Robbins
|
0-0: Ground out U3 (Groundball, 3L, EV 105.0 MPH)
|
Top of the 8th over - 0 runs, 0 hits, 0 errors, 0 left on base; New York 3 - Washington 4 |
BOTTOM OF THE 8TH |
Washington Nationals batting - Pitching for New York Mets : RHP Justin Overlie
|
Batting: LHB Kyung-jin Cho
|
0-0: Ball 1-0: DOUBLE (Line Drive, 89D, EV 105.6 MPH)
|
Batting: RHB Dan Fallon
|
0-0: Swinging Strike 0-1: Ball 1-1: Foul Ball, location: 2F 1-2: Ball 2-2: Fly out, F4 (Popup, 34D, EV 65.0 MPH)
|
Batting: SHB Dylan Novakowski
|
0-0: Called Strike 0-1: Foul Ball, location: 2F 0-2: Ball 1-2: Strikes out swinging
|
Batting: LHB Griffin Ferris
|
0-0: Called Strike 0-1: DOUBLE (Groundball, 3L, EV 97.5 MPH) Kyung-jin Cho scores
|
Batting: RHB Kirk Arp
|
0-0: SINGLE (Groundball, 6S, EV 66.9 MPH) (infield hit) Griffin Ferris to third
|
Batting: RHB Darren McCarty Jr.
|
0-0: Called Strike Kirk Arp is caught stealing 2nd base 2-4
|
Bottom of the 8th over - 1 run, 3 hits, 0 errors, 1 left on base; New York 3 - Washington 5 |
TOP OF THE 9TH |
New York Mets batting - Pitching for Washington Nationals : RHP Seth Bowersox
|
Pitching: RHP David Sly
|
|
Batting: RHB Billy Walker
|
0-0: Ball 1-0: Swinging Strike 1-1: Swinging Strike 1-2: Strikes out swinging
|
Batting: LHB Fabiano Perrolas
|
0-0: Called Strike 0-1: SINGLE (Groundball, 56D, EV 98.8 MPH)
|
Batting: RHB Finn Ross
|
0-0: Foul Ball, location: 2F 0-1: Ball 1-1: Foul Ball, location: 2F 1-2: Strikes out swinging
|
Pinch Hitting: RHB Jeff Jank
|
0-0: Called Strike 0-1: Ball 1-1: Foul Ball, location: 2F 1-2: Ball 2-2: Fielders Choice at 2nd, U4 (Groundball, 4M, EV 78.1 MPH)
|
Top of the 9th over - 0 runs, 1 hit, 0 errors, 1 left on base; New York 3 - Washington 5 |
|